 Dungeon Sprint DCSS version 0.30.1-11-g7821555f0a (webtiles) character file.

Game seed: 10313379009079918838

287 Heoruswealwe the Spear-Bearer (level 6, -2/62 HPs)
             Began as a Minotaur Fighter on Nov 5, 2023.
             Was an Initiate of Gozag.
             Slain by a yak (6 damage)
             ... in the Dungeon (Sprint IX: "|||||||||||||||||||||||||||||").
             The game lasted 00:01:09 (124 turns).

Heoruswealwe the Spear-Bearer (Minotaur Fighter)     Turns: 124, Time: 00:01:10

Health: -2/62      AC:  8    Str: 22    XL:     6   Next: 8%
Magic:  5/5        EV:  9    Int:  5    God:    Gozag
Gold:   0          SH:  4    Dex: 10    Spells: 5/5 levels left

rFire   . . .        a - +0 trident
rCold   . . .        d - +0 buckler
rNeg    . . .        c - +0 scale mail
rPois   .            (helmet restricted)
rElec   .            (no cloak)
rCorr   .            (no gloves)
SInv    .            (no boots)
Will    .....        (no amulet) Stlth
                     (no ring)
HPRegen 0.30/turn    (no ring)
MPRegen 0.09/turn

%: no teleportation
@: gold aura
A: horns 2, retaliatory headbutt
a: Renounce Religion, Potion Petition, Call Merchant, Bribe Branch


You were in the Dungeon.
You worshipped Gozag.
Gozag was noncommittal.
You visited 1 branch

Inventory:

Hand Weapons
 a - a +0 trident (weapon)
Armour
 c - a +0 scale mail (worn)
 d - a +0 buckler (worn)
Jewellery
 k - a +2 ring of protection
 l - a +2 ring of protection
Wands
 h - a wand of roots (10)
Scrolls
 j - 2 scrolls of blinking
Potions
 b - a potion of might
 e - 2 potions of heal wounds
 f - 4 potions of curing
 g - a potion of haste
 i - a potion of berserk rage


   Skills:
 + Level 8.4 Fighting
 * Level 11.0 Polearms
 + Level 8.5 Armour
 - Level 3.6 Shields


You had 5 spell levels left.
You didn't know any spells.
Your spell library was empty.

Dungeon Overview and Level Annotations

Branches:
Dungeon (1/1)

Altars:
Cheibriados
Dithmenos
Elyvilon
Fedhas
Gozag
Hepliaklqana
Kikubaaqudgha
Makhleb
Nemelex Xobeh
Okawaru
Qazlal
Ru
Sif Muna
Trog
Uskayaw
Vehumet
Wu Jian
Xom
Yredelemnul
Zin
The Shining One
Jiyva
Lugonu


Innate Abilities, Weirdness & Mutations

You have a pair of horns on your head.
You reflexively headbutt those who attack you in melee.


Message History

The orc warrior hits you with a +0 long sword!
* * * LOW HITPOINT WARNING * * *
You hit the orc warrior but do no damage.
You headbutt the orc warrior.
You kill the orc warrior!
Your Fighting skill increases to level 8!
Your Polearms skill increases to level 10!
Your Armour skill increases to level 8!
You closely miss the orc wizard.
The orc wizard hits you but does no damage.
The yak is distracted by your dazzling golden aura.
The yak bellows!
You hit the orc wizard but do no damage.
You closely miss the orc wizard. Your headbutt misses the orc wizard.
The orc wizard misses you.
You hit the orc wizard but do no damage.
The orc wizard gestures at you while chanting.
The puff of flame misses you.
The orc wizard gestures wildly while chanting.
The orc wizard flickers and vanishes!
Deactivating autopickup; reactivate with Ctrl-A.
You hit the orc wizard.
The orc wizard is moderately wounded.
The yak is no longer distracted by gold.
The orc wizard hits you with a +0 dagger.
* * * LOW HITPOINT WARNING * * *
You puncture the orc wizard!
You kill the orc wizard!
Your Polearms skill increases to level 11!
You have reached level 6!
The yak gores you!
* * * LOW HITPOINT WARNING * * *
There is an open door to the Dungeon, spattered with blood here.
Items here: $ )) [[.
You completely miss the yak. The yak gores you but does no damage.
You puncture the yak! Your headbutt misses the yak.
The yak is moderately wounded.
The yak gores you.
You die...
Your body crumbles into a pile of gold.

$
▓?▓
$
▓)▓
$
▓.▓
▓[▓
$
▓[▓
▓[▓
$
▓.▓
▓.▓
$
▓@▓
▓Y▓
$
▓Y▓
$
▓Y▓
$ $
▓{▓
$
▓.▓
$
▓.▓
▓+▓


You could see 3 yaks.

Vanquished Creatures
  An orc warrior (D)
  An ogre (D)
  A scorpion (D)
  An orc wizard (D)
  An adder (D)
  A shadow imp (D)
  An orc (D)
  A quokka (D)
  3 kobolds (D)
  A rat (D)
12 creatures vanquished.

Notes
Turn   | Place    | Note
-------+----------+-------------------------------------------
     0 | D        | Heoruswealwe the Minotaur Fighter began the quest for the
                  | Orb.
     0 | D        | Reached XP level 1. HP: 19/19 MP: 0/0
     8 | D        | Reached skill level 3 in Polearms
    38 | D        | Noticed a scorpion
    38 | D        | Noticed an ogre
    40 | D        | Killed a scorpion
    41 | D        | Reached skill level 5 in Fighting
    41 | D        | Reached skill level 6 in Polearms
    41 | D        | Reached skill level 5 in Armour
    41 | D        | Reached XP level 2. HP: 23/30 MP: 1/1
    41 | D        | Reached XP level 3. HP: 29/37 MP: 2/2
    45 | D        | HP: 1/37 [ogre/+0 giant spiked club (28)]
    49 | D        | Killed an ogre
    50 | D        | Reached skill level 9 in Polearms
    50 | D        | Reached XP level 4. HP: 13/47 MP: 3/3
    50 | D        | Reached XP level 5. HP: 15/52 MP: 4/4
    67 | D        | Found a snail-covered altar of Cheibriados.
    67 | D        | Found a shadowy altar of Dithmenos.
    67 | D        | Found a white marble altar of Elyvilon.
    67 | D        | Found a blossoming altar of Fedhas.
    67 | D        | Found an opulent altar of Gozag.
    68 | D        | Found a hazy altar of Hepliaklqana.
    69 | D        | Found a viscous altar of Jiyva.
    70 | D        | Found an ancient bone altar of Kikubaaqudgha.
    71 | D        | Found a corrupted altar of Lugonu.
    72 | D        | Found a burning altar of Makhleb.
    73 | D        | Found a sparkling altar of Nemelex Xobeh.
    74 | D        | Found an iron altar of Okawaru.
    75 | D        | Became a worshipper of Gozag Ym Sagoz the Greedy
    76 | D        | Found a stormy altar of Qazlal.
    77 | D        | Found a sacrificial altar of Ru.
    78 | D        | Found a shimmering blue altar of Sif Muna.
    79 | D        | Found a bloodstained altar of Trog.
    80 | D        | Found a hide-covered altar of Uskayaw.
    81 | D        | Found a radiant altar of Vehumet.
    82 | D        | Found an ornate altar of the Wu Jian Council.
    83 | D        | Found a shimmering altar of Xom.
    84 | D        | Found a basalt altar of Yredelemnul.
    85 | D        | Found a glowing silver altar of Zin.
    86 | D        | Found a glowing golden altar of the Shining One.
   110 | D        | Noticed an orc warrior
   110 | D        | Noticed a yak
   110 | D        | Noticed a yak
   110 | D        | Noticed a yak
   115 | D        | Killed an orc warrior
   116 | D        | Reached skill level 10 in Polearms
   122 | D        | Reached skill level 11 in Polearms
   122 | D        | Reached XP level 6. HP: 14/62 MP: 5/5
   124 | D        | Slain by a yak

Illustrated notes

Levels and vault maps discovered:
D:        linesprint [early_d, line_temple, items_1, d_10, items_2, lair_1,
          lair_end, items_3, orc_1, orc_end, items_4, d_15, swamp_1, shoals_1,
          snake_1, spider_1, d_20, vaults_1, items_5, swamp_end, shoals_end,
          snake_end, spider_end, vaults_end, d_27, items_6, zot_1, zot_end,
          crypt_end, forest_end, elf_end, slime_end, tomb_end, abyss_end,
          pan_hell_end]

Skill      XL: |  1  2  3  4  5 |
---------------+----------------+-----
Polearms       | 6 9 11 | 11.0
Fighting       | 5 7 8 |  8.4
Armour         | 5 7 8 |  8.5
Shields        | |  3.6

Action                     |  1- 3 |  4- 6 || total
---------------------------+-------+-------++-------
  Melee: Trident           |    18 |    22 ||    40
         Headbutt          |     1 |     4 ||     5
    Use: Potion            |     2 |       ||     2
 Armour: Scale mail        |       |     3 ||     3
  Dodge: Dodged            |     6 |     7 ||    13
  Block: Buckler           |     2 |     1 ||     3
